AoeStats
← xxzxg_Nono

Arena

510106740Analyzed
4v4 RM · 3d ago on Sep 29, 2026· 69m 27s· 8 players
Game mode
Random Map
Map size
Large (8 player)
Population
200
Speed
Normal
Resources
Standard
Victory
Conquest
Starting age
Dark Age
Ending age
Imperial Age
RankedLock teamsTeams togetherTeam positionsShared explorationLock speedFull tech treeHidden civsTurbo modeCheats
Victory
Defeat
🇺🇸 Poles · United States
1037
+16
🇨🇳 Magyars · China
1022
+16
1021
+16
🇨🇳 Chinese · China
1016
+17
🇵🇪 Tatars · Peru
1088
-19
🇨🇳 Saxons · China
1076
-18
🇹🇼 Varangians · Taiwan
1026
-16
🇺🇸 Hindustanis · United States
937
-12
BubblySimbly
7:23 Loom
11:26 Feudal Age
16:22 Castle Age
16:23 Double-Bit Axe
17:48 Fletching
21:17 Horse Collar
24:50 Sanctity
29:12 Imperial Age
27:46 Wheelbarrow
27:50 Bodkin Arrow
28:14 Squires
29:21 Gold Mining
29:50 Masonry
30:13 Husbandry
31:37 Scale Barding Armor
33:05 Chain Barding Armor
33:10 Szlachta Privileges
33:23 Forging
34:16 Heavy Plow
33:39 Cavalier
34:30 Bloodlines
38:05 Iron Casting
37:31 Scale Mail Armor
38:01 Elite Obuch
40:05 Chain Mail Armor
40:51 Blast Furnace
40:37 Ballistics
45:28 Plate Mail Armor
AnnatolyhoMalýŠkoticeps
8:28 Loom
10:33 Feudal Age
11:24 Double-Bit Axe
11:19 Horse Collar
12:44 Fletching
18:01 Castle Age
18:32 Crossbowman
24:26 Ballistics
24:04 Bodkin Arrow
28:58 Imperial Age
28:46 Chemistry
27:49 Padded Archer Armor
33:20 Bow Saw
33:12 Heavy Plow
33:55 Conscription
35:54 Scale Mail Armor
36:04 Forging
35:16 Pikeman
35:57 Squires
35:42 Arson
36:24 Halberdier
42:58 Iron Casting
42:34 Scale Barding Armor
42:46 Chain Mail Armor
45:13 Bracer
45:29 Leather Archer Armor
46:17 Blast Furnace
51:06 Arbalester
62:05 Two-Man Saw
61:38 Ring Archer Armor
61:44 Plate Mail Armor
xxzxg_Nono
0:27 Loom
10:37 Feudal Age
15:02 Castle Age
13:16 Horse Collar
18:07 Heavy Plow
17:57 Double-Bit Axe
21:02 Bow Saw
23:07 Scale Barding Armor
25:01 Husbandry
25:11 Bloodlines
25:05 Squires
25:49 Husbandry
25:59 Bloodlines
26:32 Wheelbarrow
29:56 Imperial Age
27:39 Husbandry
28:37 Ballistics
28:44 Hand Cart
28:36 Gold Mining
29:01 Bloodlines
30:13 Chain Barding Armor
30:25 Caravan
31:18 Conscription
31:17 Forging
32:29 Two-Man Saw
31:42 Herbal Medicine
32:08 Great Wall
31:37 Cavalier
33:51 Plate Barding Armor
34:18 Iron Casting
34:23 Thumb Ring
34:59 Heavy Scorpion
36:36 Elite Chu Ko Nu
38:22 Blast Furnace
37:18 Elite Chu Ko Nu
38:23 Rocketry
38:16 Elite Skirmisher
39:48 Fletching
44:38 Bodkin Arrow
44:44 Padded Archer Armor
47:14 Elite Fire Lancer
47:58 Bracer
48:16 Leather Archer Armor
49:23 Gold Shaft Mining
49:32 Scale Mail Armor
51:53 Chemistry
50:41 Pikeman
51:22 Squires
51:39 Light Cavalry
52:24 Halberdier
65:47 Heavy Rocket Cart
deathlate
12:10 Feudal Age
12:48 Double-Bit Axe
13:24 Loom
18:18 Castle Age
16:33 Horse Collar
18:01 Scale Barding Armor
22:46 Wheelbarrow
23:06 Bow Saw
24:24 Light Cavalry
25:31 Chain Barding Armor
25:30 Hand Cart
26:39 Bloodlines
27:00 Heavy Plow
32:12 Imperial Age
29:55 Stone Mining
30:29 Gold Mining
30:30 Town Watch
31:46 Caravan
32:17 Husbandry
32:58 Gold Shaft Mining
34:23 Chemistry
33:19 Fletching
34:04 Plate Barding Armor
35:21 Two-Man Saw
35:13 Crop Rotation
35:33 Bodkin Arrow
35:39 Padded Archer Armor
36:25 Ballistics
36:20 Masonry
35:40 Heavy Cavalry Archer
37:31 Parthian Tactics
38:47 Bracer
38:36 Treadmill Crane
38:52 Murder Holes
39:36 Conscription
39:18 Recurve Bow
39:30 Elite Skirmisher
40:15 Thumb Ring
40:37 Leather Archer Armor
41:05 Hussar
42:20 Corvinian Army
42:59 Hoardings
44:20 Elite Magyar Huszar
44:53 Cavalier
48:42 Scale Mail Armor
49:13 Ring Archer Armor
52:46 Siege Engineers
54:38 Paladin
63:47 Siege Engineers
64:58 Chain Mail Armor
64:08 Pikeman
64:34 Arson
65:08 Sappers
marwenskio
10:35 Feudal Age
10:40 Loom
15:38 Castle Age
14:45 Double-Bit Axe
14:48 Horse Collar
16:36 Wheelbarrow
24:09 Bow Saw
24:20 Heavy Plow
24:14 Gold Mining
24:15 Stone Mining
26:02 Gold Shaft Mining
26:02 Stone Shaft Mining
25:47 Hand Cart
27:35 Scale Barding Armor
27:41 Forging
28:40 Husbandry
28:51 Bloodlines
29:04 Chain Barding Armor
36:26 Imperial Age
33:42 Town Watch
36:27 Heavy Camel Rider
37:46 Plate Barding Armor
37:47 Iron Casting
39:08 Masonry
39:11 Fortified Wall
40:02 Chemistry
40:31 Imperial Camel Rider
41:47 Heavy Cavalry Archer
43:37 Fletching
43:48 Padded Archer Armor
44:21 Bodkin Arrow
45:05 Thumb Ring
45:19 Leather Archer Armor
47:33 Bracer
50:15 Ring Archer Armor
67:10 Squires
66:55 Arson
YB
10:57 Feudal Age
16:07 Castle Age
15:00 Double-Bit Axe
15:55 Horse Collar
16:35 Bloodlines
17:36 Bow Saw
19:20 Padded Archer Armor
21:12 Heavy Plow
21:23 Fletching
23:44 Husbandry
25:28 Wheelbarrow
25:23 Town Watch
27:00 Leather Archer Armor
30:01 Bodkin Arrow
32:37 Hand Cart
35:32 Imperial Age
32:50 Loom
33:55 Forging
33:51 Scale Barding Armor
35:47 Iron Casting
35:38 Silk Armor
37:06 Conscription
36:57 Timurid Siegecraft
38:05 Blast Furnace
37:25 Chain Barding Armor
37:45 Ballistics
37:07 Treadmill Crane
38:29 Chemistry
38:16 Elite Steppe Lancer
39:01 Bracer
38:59 Gold Mining
38:59 Stone Mining
40:12 Ring Archer Armor
40:02 Chain Barding Armor
43:23 Chain Barding Armor
43:41 Siege Engineers
46:11 Plate Barding Armor
50:06 Light Cavalry
51:25 Hussar
57:29 Guilds
62:54 Caravan
台南人
3:35 Loom
11:49 Feudal Age
16:32 Castle Age
16:00 Double-Bit Axe
15:57 Horse Collar
16:18 Stone Mining
20:43 Fletching
25:54 Bow Saw
27:47 Wheelbarrow
27:17 Heavy Plow
28:02 Fortified Wall
29:54 Masonry
30:55 Hand Cart
30:53 Gold Mining
31:49 Gambesons
32:04 Squires
31:51 Arson
35:20 Imperial Age
33:20 Forging
33:15 Scale Mail Armor
33:46 Pikeman
35:06 Iron Casting
34:37 Scale Barding Armor
35:40 Chain Mail Armor
35:39 Halberdier
38:25 Plate Mail Armor
38:18 Chain Barding Armor
37:22 Light Cavalry
38:13 Bloodlines
38:36 Town Watch
38:37 Man-at-Arms
39:24 Husbandry
38:44 Hussar
39:57 Man-at-Arms
41:22 Crop Rotation
41:09 Man-at-Arms
48:59 Coinage
58:37 Caravan
YOU B4STARD!
10:32 Feudal Age
11:56 Double-Bit Axe
14:44 Castle Age
12:43 Horse Collar
16:22 Wheelbarrow
15:52 Heavy Plow
21:34 Heavy Plow
23:20 Bow Saw
25:55 Gold Mining
26:31 Hand Cart
26:51 Stone Mining
27:41 Gold Shaft Mining
27:17 Crossbowman
28:04 Thumb Ring
29:29 Fletching
29:39 Padded Archer Armor
33:50 Imperial Age
32:24 Bodkin Arrow
32:44 Leather Archer Armor
32:49 Forging
32:39 Scale Mail Armor
32:45 Squires
32:31 Gambesons
32:32 Arson
34:18 Arbalester
35:05 Bracer
35:36 Ring Archer Armor
36:25 Two-Man Saw
36:13 Conscription
39:14 Shield Wall
42:10 Elite Hearth Troop
44:05 Iron Casting
43:45 Chain Mail Armor
45:37 Pikeman
46:19 Halberdier
54:35 Guilds
54:42 Elite Skirmisher
61:31 Caravan
Connection lost

Rejoining the realm…

Still unreachable

The connection could not be restored.

Session expired

The server has moved on; the page needs a fresh start.